 Dungeon Crawl Stone Soup version 0.28.0-53-g5a82cb258f (webtiles) character file.

Game seed: 2566889126366212264

84 MisterFreud the Covert (level 4, -5/61 HPs)
             Began as a Gnoll Delver on July 7, 2022.
             Slain by Terence
             ... wielding a +0 morningstar
              (9 damage)
             ... on level 2 of the Dungeon.
             The game lasted 00:02:24 (1453 turns).

MisterFreud the Covert (Gnoll Delver)               Turns: 1453, Time: 00:02:25

Health: -5/61      AC: 22    Str: 12    XL:     4   Next: 46%
Magic:  5/5        EV:  2    Int: 11    God:
Gold:   128        SH:  0    Dex: 13    Spells: 5/5 levels left

rFire   . . .      SeeInvis .   a - +0 short sword
rCold   . . .      Faith    .   (no shield)
rNeg    . . .      Spirit   .   (armour currently unavailable)
rPois   +          Reflect  .   (helmet currently unavailable)
rElec   .          Harm     .   (cloak currently unavailable)
rCorr   .          Rampage  .   (gloves currently unavailable)
Will    .....      NoTele   +   (boots currently unavailable)
Stlth   ++++......              (no amulet)
HPRegen 0.20/turn               (no ring)
MPRegen 0.09/turn               (no ring)

@: tree-form, invisible
A: stationary, stasis, torment immunity, boosted hp, (fangs 1), strong nose,
distributed training
a: no special abilities


You were on level 2 of the Dungeon.
You were a tree.
You visited 1 branch of the dungeon, and saw 6 of its levels.

You collected 128 gold pieces.

Inventory:

Hand Weapons
 a - a +0 short sword (weapon)
Armour
 b - a +0 leather armour (melded)
 m - a +0 pair of boots (melded)
Jewellery
 l - a ring of fire
Wands
 g - a wand of digging (3)
Scrolls
 c - 2 scrolls of fog
 d - a scroll of magic mapping
 e - a scroll of fear
 i - a scroll of identify {unknown}
 n - a scroll of enchant weapon {unknown}
 o - a scroll of immolation {unknown}
 q - a scroll of amnesia {unknown}
Potions
 f - a potion of haste
 j - a potion of invisibility
 p - a potion of heal wounds {unknown}


   Skills:
 + Level 6.6 Fighting
 + Level 4.6 Short Blades
 + Level 1.1 Long Blades
 + Level 1.1 Axes
 + Level 1.1 Maces & Flails
 + Level 1.1 Polearms
 + Level 1.1 Staves
 + Level 1.1 Slings
 + Level 1.1 Bows
 + Level 1.1 Crossbows
 + Level 1.1 Throwing
 + Level 1.1 Armour
 + Level 4.6 Dodging
 + Level 9.6 Stealth
 + Level 1.1 Shields
 + Level 1.1 Unarmed Combat
 + Level 1.1 Spellcasting
 + Level 0.9 Conjurations
 + Level 0.9 Hexes
 + Level 0.9 Summonings
 + Level 0.9 Necromancy
 + Level 0.9 Translocations
 + Level 0.9 Transmutations
 + Level 0.9 Fire Magic
 + Level 0.9 Ice Magic
 + Level 0.9 Air Magic
 + Level 0.9 Earth Magic
 + Level 0.9 Poison Magic
 + Level 1.2 Invocations
 + Level 1.1 Evocations


You had 5 spell levels left.
You didn't know any spells.
Your spell library contained the following spells:

 Spells                   Type           Power      Damage    Failure   Level
 Ensorcelled Hibernation  Hex/Ice        4%         N/A       32%         2
 Spider Form              Tmut/Pois      2%         N/A       54%         3
 Anguish                  Hex/Necr       1%         N/A       91%         4


Dungeon Overview and Level Annotations

Branches:
Dungeon (6/15)
 Temple: D:4-7

Altars:

Annotations:
D:2 1 runed translucent door, Crazy Yiuf, Terence


Innate Abilities, Weirdness & Mutations

You are a tree.
Your roots penetrate the ground, keeping you stationary.
You cannot be teleported.
You are immune to unholy pain and torment.
Your maximum health is greatly increased.
Your equipment is partially melded.
((You have very sharp teeth.))
Your uncanny sense of smell can sniff out nearby items.
Your experience applies equally to all skills.


Message History

You fade into invisibility!
* * * LOW HITPOINT WARNING * * *
You feel sick. The adder misses you.
You hit the adder but do no damage.
The adder is almost dead.
* * * LOW HITPOINT WARNING * * *
You feel sick. The adder closely misses you.
It was a potion of flight.
You feel very buoyant.
You fly up into the air.
* * * LOW HITPOINT WARNING * * *
You feel sick. The adder completely misses you. The adder barely misses you.
It was a potion of lignification.
You turn into a tree.
Your +0 pair of boots melds into your body.
Your +0 leather armour melds into your body.
Your roots penetrate the ground.
You feel sick. The adder bites you but does no damage.
You catch the helpless adder completely off-guard!
You puncture the adder!
You kill the adder!
You feel sick.
You strike the helpless Terence from behind!
You puncture Terence!
Terence is moderately wounded.
You feel sick.
You hit Terence but do no damage.
Terence is moderately wounded.
You feel sick. Terence hits you but does no damage.
You hit Terence but do no damage.
Terence is moderately wounded.
Terence barely misses you.
You hit Terence.
Terence is heavily wounded.
You feel sick.
You are no longer poisoned.
Terence hits you but does no damage.
You barely miss Terence.
Terence is heavily wounded.
Terence hits you with a +0 morningstar!
You die...

######.#..........#######
#. #
................#......
...
.........######.#..####
.... ########## #.#..##
.....# # #.#... ...... #
#.#..## ##... # #.#..#
#... ## #@#.!## #.. .#
#.♣...# #.[ .######
#.....# #.. .#....#
#.....# ##. .#....#
##....# #. †.....# ######
## .)....## # #
.......... # ...##.....
...# ....


You could see Terence.

Vanquished Creatures
  3 adders
  4 dart slugs
  A worm (D:2)
  2 ball pythons
  An endoplasm (D:1)
  4 giant cockroaches (D:1)
  6 hobgoblins
  7 jackals
  5 kobolds (D:1)
  3 bats
  4 goblins
  4 rats
44 creatures vanquished.

Notes
Turn   | Place    | Note
-------+----------+-------------------------------------------
     0 | D:5      | Reached skill level 9 in Stealth
     0 | D:5      | MisterFreud the Gnoll Delver began the quest for the Orb.
     0 | D:5      | Reached XP level 1. HP: 23/23 MP: 1/1
     8 | D:6      | Noticed an orc warrior
    71 | D:5      | Reached XP level 2. HP: 27/29 MP: 2/2
   141 | D:2      | Noticed Terence
   277 | D:1      | Reached XP level 3. HP: 30/35 MP: 3/3
   492 | D:1      | Reached skill level 1 in Invocations
   751 | D:1      | Reached skill level 1 in Long Blades
   751 | D:1      | Reached skill level 1 in Axes
   751 | D:1      | Reached skill level 1 in Maces & Flails
   751 | D:1      | Reached skill level 1 in Polearms
   751 | D:1      | Reached skill level 1 in Staves
   751 | D:1      | Reached skill level 1 in Slings
   751 | D:1      | Reached skill level 1 in Bows
   751 | D:1      | Reached skill level 1 in Crossbows
   751 | D:1      | Reached skill level 1 in Throwing
   751 | D:1      | Reached skill level 1 in Armour
   751 | D:1      | Reached skill level 1 in Shields
   751 | D:1      | Reached skill level 1 in Unarmed Combat
   751 | D:1      | Reached skill level 1 in Spellcasting
   751 | D:1      | Reached skill level 1 in Evocations
  1127 | D:2      | Found a runed translucent door.
  1128 | D:2      | Noticed Crazy Yiuf
  1172 | D:2      | Reached XP level 4. HP: 41/41 MP: 5/5
  1333 | D:2      | Found a faded altar of an unknown god.
  1453 | D:2      | Slain by Terence

Illustrated notes

Levels and vault maps discovered:
D:1:      eino_arrival_water_star, layout_basic, minmay_tromino_mix6
D:2:      layout_basic, hellmonk_ecumenical_altar_crossroads,
          uniq_crazy_yiuf_cottage, uniq_terence
D:3:      layout_basic, grunt_temple_overflow_champion_of_chaos,
          evilmike_ruin_ashenzari, mainiacjoe_overflow_paths, zin_treasury,
          uniq_sigmund
D:4:      gammafunk_cloud_chamber, layout_basic, general_overflow_altar
D:5:      layout_basic, mainiacjoe_overflow_alcove_1, pf_just_have_faith,
          minmay_temple_entry_nine_rooms
D:6:      layout_basic, nicolae_overflow_crystal_walls

Skill      XL: |  1  2  3 |
---------------+----------+-----
Stealth        | |  9.6
Invocations    | 1 |  1.2
Long Blades    | 1 |  1.1
Axes           | 1 |  1.1
Maces & Flails | 1 |  1.1
Polearms       | 1 |  1.1
Staves         | 1 |  1.1
Slings         | 1 |  1.1
Bows           | 1 |  1.1
Crossbows      | 1 |  1.1
Throwing       | 1 |  1.1
Armour         | 1 |  1.1
Shields        | 1 |  1.1
Unarmed Combat | 1 |  1.1
Spellcasting   | 1 |  1.1
Evocations     | 1 |  1.1
Fighting       | |  6.6
Short Blades   | |  4.6
Dodging        | |  4.6
Conjurations   | |  0.9
Hexes          | |  0.9
Summonings     | |  0.9
Necromancy     | |  0.9
Translocations | |  0.9
Transmutations | |  0.9
Fire Magic     | |  0.9
Ice Magic      | |  0.9
Air Magic      | |  0.9
Earth Magic    | |  0.9
Poison Magic   | |  0.9

Action                   |  1- 3 |  4- 6 || total
-------------------------+-------+-------++-------
Melee: Short sword       |   104 |    47 ||   151
       Bite              |    11 |     2 ||    13
       Punch             |     3 |       ||     3
  Use: Potion            |       |     3 ||     3
 Stab: Sleeping          |    14 |     2 ||    16
       Distracted        |     1 |       ||     1
       Invisible         |       |     2 ||     2
Armor: Leather armour    |    22 |     5 ||    27
       Skin              |       |     3 ||     3
Dodge: Dodged            |    65 |    38 ||   103
